 Dungeon Crawl Stone Soup version 0.21-a0-228-g14ccbf3 (webtiles) character file.

478 CanOfBees the Chucker (level 7, 0/71 HPs)
             Began as an Ogre Hunter on Aug 31, 2017.
             Slain by an iguana (6 damage)
             ... on level 4 of the Dungeon.
             The game lasted 00:10:29 (5507 turns).

CanOfBees the Chucker (Ogre Hunter)                 Turns: 5507, Time: 00:10:30

Health: 0/71       AC:  3    Str: 19    XL:     7   Next: 11%
Magic:  19/19      EV: 11    Int: 12    God:
Gold:   130        SH:  0    Dex:  9    Spells: 11/11 levels left

rFire    . . .     SeeInvis .   t - +0 hunting sling
rCold    . . .     Gourm    .   (no shield)
rNeg     . . .     Faith    .   b - +0 robe
rPois    .         Spirit   .   (helmet restricted)
rElec    .         Reflect  .   (no cloak)
rCorr    .         Harm     .   (gloves unavailable)
MR       .....                  (boots unavailable)
Stlth    ++........             (no amulet)
HPRegen  0.21/turn              o - ring of magical power
MPRegen  0.16/turn              h - ring of stealth

@: no status effects
A: unfitting armour, tough skin 1
a: no special abilities


You were on level 4 of the Dungeon.
You were not hungry.

You visited 1 branch of the dungeon, and saw 4 of its levels.

You collected 130 gold pieces.

Inventory:

Hand Weapons
 t - a +0 hunting sling (weapon)
 y - a +0 whip of electrocution
Missiles
 c - 4 large rocks (quivered)
 d - 2 throwing nets
 k - 50 stones
 s - 87 sling bullets
Armour
 b - a +0 robe (worn)
Jewellery
 a - an uncursed ring of flight
 h - a ring of stealth (right hand)
 o - a ring of magical power (left hand)
 v - an uncursed ring of ice
Scrolls
 i - 2 scrolls of fear
 j - a scroll of immolation {unknown}
 m - a scroll of amnesia {unknown}
 n - a scroll of fog {unknown}
 q - a scroll of noise {unknown}
 r - a scroll of remove curse
 u - a scroll of teleportation {unknown}
 w - a scroll of magic mapping {unknown}
 x - 4 scrolls of identify
 z - a scroll of enchant armour {unknown}
Potions
 e - a potion of ambrosia {unknown}
 l - 4 potions of curing
 p - 3 potions of flight
 B - 2 potions of agility
 D - a potion of might {unknown}
 E - a potion of heal wounds {unknown}
Books
 A - a book of Cantrips

   Spells                             Type                      Level
   a - Confusing Touch                Hexes                        1
   b - Animate Skeleton               Necromancy                   1
   c - Summon Small Mammal            Summoning                    1
   d - Apportation                    Translocation                1
Comestibles
 f - 3 bread rations
 g - 5 chunks of flesh
 C - a meat ration


   Skills:
 + Level 4.8 Fighting
 + Level 5.6 Throwing
 * Level 4.3 Dodging
 - Level 0.6 Stealth
 + Level 2.6 Spellcasting


You had 11 spell levels left.
You didn't know any spells.

Dungeon Overview and Level Annotations

Branches:
Dungeon (4/15)
 Temple: D:4-7

Altars:
Cheibriados
Fedhas


Innate Abilities, Weirdness & Mutations

You are too large for most types of armour.
You have tough skin. (AC +1)


Message History

Press: ? - help, Shift-Dir - straight line, f/p - iguana
Aim: an iguana (almost dead)
You shoot a stone.
The stone hits the iguana but does no damage.
The iguana is almost dead.
The iguana bites you!
* * * LOW HITPOINT WARNING * * *
Unknown command.
Quiver which item? (- for none, * to show all) (? for menu, Esc to quit)
Quivering
c - 5 large rocks for throwing.
Throwing (i - inventory. (,) - cycle):
c - 5 large rocks (quivered)
Press: ? - help, Shift-Dir - straight line, f/p - iguana
Aim: an iguana (almost dead)
You throw a large rock.
The large rock closely misses the iguana.
The iguana barely misses you. The iguana bites you!
* * * LOW HITPOINT WARNING * * *
There isn't anything here!
The iguana bites you.
You die...

#############
####
#...........#
...#
#.#########.#
##.# #.#
#)####### #.#
#.# #@.......
##.###.#######
#l.##+###
........(.....
#(.#
##...........#
#(.#
...###.##.#..#
#(.# ##.# #.#
.# .# #(.#
##.# #.. .
.(.# .... ....
. .(.#
##.####.## O#
#..#


You could see an iguana.

Vanquished Creatures
  A black bear (D:3)
  An ogre (D:4)
  A hound (D:4)
  The ghost of Akrius the Ducker, a weakling FeTm (D:3)
  A centaur skeleton (D:4)
  Natasha (thrice) (D:2 D:4)
  A worker ant (D:4)
  4 adders
  An ooze (D:3)
  2 worms (D:2)
  3 dart slugs
  4 orcs (D:4)
  11 bats
  7 goblins
  6 hobgoblins
  6 jackals
  A ball python (D:4)
  6 frilled lizards
  7 kobolds
  A leopard gecko skeleton (D:4)
  A quokka skeleton (D:4)
  9 rats
78 creatures vanquished.

Notes
Turn   | Place    | Note
-------+----------+-------------------------------------------
     0 | D:1      | CanOfBees the Ogre Hunter began the quest for the Orb.
     0 | D:1      | Reached XP level 1. HP: 22/22 MP: 1/1
   179 | D:1      | Reached XP level 2. HP: 27/31 MP: 2/2
   995 | D:2      | Noticed Natasha
  1001 | D:2      | Noticed a crimson imp
  1003 | D:2      | Noticed a crimson imp
  1016 | D:2      | Reached XP level 3. HP: 16/37 MP: 3/3
  1020 | D:2      | Killed Natasha
  1747 | D:2      | Reached XP level 4. HP: 45/45 MP: 4/4
  2744 | D:3      | Noticed Akrius's ghost (weakling FeTm)
  2752 | D:3      | Noticed a black bear
  2766 | D:3      | Killed a black bear
  2766 | D:3      | Reached skill level 5 in Throwing
  2766 | D:3      | Reached skill level 1 in Spellcasting
  2766 | D:3      | Reached XP level 5. HP: 27/54 MP: 7/7
  3248 | D:3      | HP: 2/54 [Akrius's ghost (10)]
  3249 | D:3      | Killed Akrius's ghost
  3710 | D:3      | Reached XP level 6. HP: 56/62 MP: 8/8
  3711 | D:3      | Found a snail-covered altar of Cheibriados.
  4325 | D:4      | Noticed Natasha
  4327 | D:4      | Killed Natasha
  4440 | D:4      | Noticed Natasha
  4453 | D:4      | Killed Natasha
  4777 | D:4      | Found a blossoming altar of Fedhas.
  5446 | D:4      | Reached XP level 7. HP: 31/71 MP: 10/10
  5507 | D:4      | Slain by an iguana

Vault maps used:
D:1:      dpeg_arrival_orchard
D:2:      roderic_roman_lattice, minmay_tetromino_s2, uniq_natasha
D:3:      kennysheep_slug_shrine
D:4:      old_standard_altar, first_bread, minivault_25

Skill      XL: |  1  2  3  4  5  6 |
---------------+-------------------+-----
Dodging        | 2 3 4 |  4.3
Fighting       | 3 4 |  4.8
Throwing       | 5 |  5.6
Spellcasting   | 1 2 |  2.6
Stealth        | |  0.6

Action                   |  1- 3 |  4- 6 |  7- 9 || total
-------------------------+-------+-------+-------++-------
Melee: Short sword       |    32 |       |       ||    32
       Whip              |       |    70 |       ||    70
 Fire: Hunting sling     |    57 |   137 |    15 ||   209
Throw: Stone             |    73 |     8 |       ||    81
       Large rock        |     5 |    19 |     1 ||    25
  Use: Scroll            |     1 |     4 |       ||     5
       Potion            |       |     4 |       ||     4
  Eat: Chunk             |     2 |     6 |       ||     8
       Fruit             |       |     3 |       ||     3
       Royal jelly       |       |     2 |       ||     2
Armor: Robe              |    32 |    32 |     2 ||    66
Dodge: Dodged            |    53 |   120 |     4 ||   177

Table legend:
 A = Spawn XP
 B = Non-spawn XP
 C = Spawn XP percentage of total XP
 D = Spawn monster count
 E = Non-spawn monster count
 F = Spawn count percentage of total count
 G = Total turns spent on level
                    A         B        C        D         E        F      G
               +---------+---------+-------+---------+---------+-------+---------
         Total |      38 |     645 |   5.6 |      13 |      65 |  16.7 |  5507
               +---------+---------+-------+---------+---------+-------+---------
           D:1 |       5 |      27 |  15.6 |       4 |      18 |  18.2 |   985
           D:2 |      12 |      97 |  11.0 |       6 |      19 |  24.0 |  2176
           D:3 |      20 |     183 |   9.9 |       2 |      11 |  15.4 |  1170
           D:4 |       1 |     338 |   0.3 |       1 |      17 |   5.6 |  1176
               +---------+---------+-------+---------+---------+-------+---------
